 Dungeon Crawl Stone Soup version 0.27.1-16-g815e20cd7a (webtiles) character file.

Game seed: 3057945831616547451

726 Cykl0x the Skirmisher (level 7, -2/44 HPs)
             Began as a Gargoyle Fighter on Nov 21, 2021.
             Was a Follower of Elyvilon.
             Slain by Prince Ribbit (11 damage)
             ... on level 5 of the Dungeon.
             The game lasted 00:06:46 (4362 turns).

Cykl0x the Skirmisher (Gargoyle Fighter)            Turns: 4362, Time: 00:06:46

Health: -2/44      AC: 14    Str: 22    XL:     7   Next: 72%
Magic:  8/8        EV:  6    Int: 14    God:    Elyvilon [*.....]
Gold:   9          SH:  0    Dex:  9    Spells: 6/6 levels left

rFire    . . .     SeeInvis .   u - +0 scimitar (protect)
rCold    . . .     Faith    .   c - +0 kite shield
rNeg     + . .     Spirit   .   o - +0 chain mail
rPois    ∞         Reflect  .   (no helmet)
rElec    +         Harm     .   (no cloak)
rCorr    .         Rampage  .   (no gloves)
Will     .....                  (no boots)
Stlth    ..........             (no amulet)
HPRegen  0.14/turn              q - +6 ring of intelligence
MPRegen  0.11/turn              (no ring)

@: confused, ambrosia-drunk
A: sickness immunity, AC +4, negative energy resistance 1, electricity
resistance, torment resistance 1, petrification resistance
a: Renounce Religion, Lesser Healing, Divine Protection


You were on level 5 of the Dungeon.
You worshipped Elyvilon.
Elyvilon was aware of your devotion.
You visited 1 branch of the dungeon, and saw 5 of its levels.

You collected 219 gold pieces.
You spent 210 gold pieces at shops.

Inventory:

Hand Weapons
 h - a +0 dagger of speed
 u - a +0 scimitar of protection (weapon)
Missiles
 e - 41 poisoned darts (quivered)
 f - 11 boomerangs
 g - 184 stones
 m - 5 javelins
Armour
 b - a +0 scale mail
 c - a +0 kite shield (worn)
 o - a +0 chain mail (worn)
Jewellery
 q - a +6 ring of intelligence (left hand)
Scrolls
 n - a scroll of enchant weapon
 p - a scroll of blinking
Potions
 d - 2 potions of might
 i - a potion of cancellation
 j - a potion of lignification
 k - a potion of attraction
 r - a potion of curing {unknown}
 s - a potion of magic {unknown}
 t - 3 potions of invisibility {unknown}


   Skills:
 * Level 4.9 Fighting
 + Level 3.6 Long Blades
 * Level 3.4 Throwing
 + Level 4.1 Armour
 * Level 2.3 Dodging
 + Level 4.4 Shields
 * Level 2.0 Invocations


You had 6 spell levels left.
You didn't know any spells.
Your spell library contained the following spells:

 Spells                   Type           Power      Damage    Failure   Level
 Apportation              Tloc           0%         N/A       100%        1
 Blink                    Tloc           N/A        N/A       100%        2
 Manifold Assault         Tloc           0%         N/A       100%        5
 Storm Form               Tmut/Air       0%         N/A       100%        7
 Chain Lightning          Conj/Air       0%         N/A       100%        9
 Fire Storm               Conj/Fire      0%         5d1       100%        9


Dungeon Overview and Level Annotations

Branches:
Dungeon (5/15)
 Temple: D:4-7

Altars:
Ashenzari
Elyvilon
Hepliaklqana
Kikubaaqudgha
Makhleb
Okawaru
Sif Muna
Vehumet
Xom
Zin

Shops:
D:3 (

Annotations:
D:5 3 runed translucent doors, Prince Ribbit


Innate Abilities, Weirdness & Mutations

You are immune to sickness and miasma.
Your stone body is resilient. (AC +4)
You are immune to poison.
You resist negative energy. (rN+)
You are resistant to electric shocks. (rElec)
You are resistant to unholy torment.
You are immune to petrification.


Message History

You are too injured to fight recklessly!
You are too injured to fight recklessly!
You are too injured to fight recklessly!
You are too injured to fight recklessly!
You are too injured to fight recklessly!
Unknown command.
You are too injured to fight recklessly!
You are too injured to fight recklessly!
Throw: 43 darts (poison)
Press: ? - help, Q - select action, (/) - cycle Shift-Dir - straight line, f - Prince Ribbit
Aim: Prince Ribbit (moderately wounded, 34% to hit)
You throw a poisoned dart. The poisoned dart hits Prince Ribbit.
Prince Ribbit is poisoned.
Prince Ribbit is moderately wounded.
Throw: 42 darts (poison)
Press: ? - help, Q - select action, (/) - cycle Shift-Dir - straight line, f/p - Prince Ribbit
Aim: Prince Ribbit (moderately wounded, poisoned, 34% to hit)
You throw a poisoned dart.
The poisoned dart barely misses Prince Ribbit.
Prince Ribbit blinks!
Prince Ribbit hits you but does no damage.
Prince Ribbit hits you!
* * * LOW HITPOINT WARNING * * *
It was a potion of ambrosia.
You are confused.
You feel invigorated. Prince Ribbit hits you.
* * * LOW HITPOINT WARNING * * *
Unknown command.
Okay, then.
You are too confused!
You bump into the rock wall.
Prince Ribbit hits you! Elyvilon protects you from harm!
You completely miss Prince Ribbit.
Prince Ribbit is heavily wounded.
Prince Ribbit looks more healthy.
Prince Ribbit hits you.
* * * LOW HITPOINT WARNING * * *
Prince Ribbit hits you! Elyvilon protects you from harm!
Prince Ribbit hits you!
You die...

#.....# ##'##.# ≈ #♣≈P♣#.#
### ≈♣#♣≈♣♣≈#)# >. ♣≈♣≈♣#
P#.# ##.# ♣≈≈≈♣
♣#.#########..
#♣≈♣≈♣##...........####.###
♣♣≈♣#♣≈#..####..###.........
P≈♣# ♣≈'..# ##(.@F..###...##
'##♣P≈##.####...##### .#
..### #..##..###


ZY.. .## #.....## ......# .# #..#.## ..###...#.# .# ##...#Z...# ...#.# .#
##..#....# ..##.# .####### #..+...# .#..# .......# #..+...# ..## You could see
Prince Ribbit.

Vanquished Creatures
  2 ice beasts
  2 sky beasts
  Blork the orc (D:4)
  A jelly (D:5)
  2 orc priests (D:3)
  2 orc wizards (D:3)
  8 adders
  An adder skeleton (D:4)
  A dart slug (D:4)
  12 orcs
  5 ball pythons
  2 endoplasms
  3 giant cockroaches
  8 goblins
  5 hobgoblins
  2 jackals (D:4)
  4 quokkas
  3 bats
  4 frilled lizards
  11 kobolds
  3 rats
82 creatures vanquished.

Notes
Turn   | Place    | Note
-------+----------+-------------------------------------------
     0 | D:1      | Cykl0x the Gargoyle Fighter began the quest for the Orb.
     0 | D:1      | Reached XP level 1. HP: 14/14 MP: 1/1
   446 | D:1      | Reached XP level 2. HP: 19/19 MP: 2/2
   781 | D:2      | Reached XP level 3. HP: 20/24 MP: 3/3
  1216 | D:2      | Reached skill level 1 in Throwing
  1324 | D:2      | Found a faded altar of an unknown god.
  1492 | D:3      | Reached XP level 4. HP: 21/29 MP: 4/4
  1654 | D:3      | Reached skill level 1 in Dodging
  1755 | D:3      | Reached XP level 5. HP: 17/33 MP: 5/5
  2326 | D:3      | Found a burning altar of Makhleb.
  3028 | D:3      | Reached XP level 6. HP: 39/39 MP: 6/6
  3151 | D:3      | Found Hyujulil's Antique Weapon Shoppe.
  3439 | D:4      | Found a hazy altar of Hepliaklqana.
  3439 | D:4      | Found a broken altar of Ashenzari.
  3441 | D:4      | Found a white marble altar of Elyvilon.
  3449 | D:4      | Became a worshipper of Elyvilon the Healer
  3508 | D:4      | Found an ancient bone altar of Kikubaaqudgha.
  3514 | D:4      | Found a shimmering blue altar of Sif Muna.
  3516 | D:4      | Found a radiant altar of Vehumet.
  3521 | D:4      | Got Sif Muna's Papyrus of the Voyage
  3561 | D:4      | Noticed an ice beast
  3563 | D:4      | Noticed a sky beast
  3565 | D:4      | Killed an ice beast
  3589 | D:4      | Killed a sky beast
  3590 | D:4      | Reached skill level 1 in Invocations
  3698 | D:4      | Reached XP level 7. HP: 44/44 MP: 7/7
  3726 | D:4      | Found a shimmering altar of Xom.
  3759 | D:4      | Found a glowing silver altar of Zin.
  3759 | D:4      | Noticed an angel
  3787 | D:4      | Found an iron altar of Okawaru.
  3787 | D:4      | Noticed Blork the orc
  3797 | D:4      | Killed Blork the orc
  4079 | D:5      | Entered Level 5 of the Dungeon
  4187 | D:3      | Bought a runed scimitar for 210 gold pieces
  4266 | D:5      | Found a runed translucent gate.
  4266 | D:5      | Found a runed translucent gate.
  4266 | D:5      | Found a runed translucent gate.
  4266 | D:5      | Reached * piety under Elyvilon
  4334 | D:5      | Noticed Prince Ribbit
  4359 | D:5      | HP: 2/44 [Prince Ribbit (6)]
  4360 | D:5      | Elyvilon protects you from harm!
  4361 | D:5      | Elyvilon protects you from harm!
  4362 | D:5      | Slain by Prince Ribbit

Illustrated notes

Levels and vault maps discovered:
D:1:      wheals_arrival_shading, layout_basic
D:2:      layout_loops_ring, shapermc_ecumenical_altar_totnotflames
D:3:      cheibrodos_pilgrimage, layout_basic, mainiacjoe_overflow_alcove_2,
          serial_shops, nicolae_lakefront_shop, bh_walls_and_bars
D:4:      minmay_evil_eye, layout_rooms, grunt_temple_overflow_magic_moments,
          zin_angel, kennysheep_okawaru_gauntlet,
          gammafunk_temple_overflow_claw, mainiacjoe_overflow_24_doors,
          mainiacjoe_overflow_alcove_4, uniq_blork_the_orc
D:5:      layout_rooms, gammafunk_ghost_icy, saegor_snake_ambush,
          uniq_prince_ribbit1

Skill      XL: |  1  2  3  4  5  6  7 |
---------------+----------------------+-----
Long Blades    | 2 3 |  3.6
Throwing       | 1 2 3 |  3.4
Fighting       | 4 |  4.9
Dodging        | 1 2 |  2.3
Shields        | 4 |  4.4
Armour         | 4 |  4.1
Invocations    | 1 2 |  2.0

Action                   |  1- 3 |  4- 6 |  7- 9 || total
-------------------------+-------+-------+-------++-------
Melee: Long sword        |    48 |   167 |    42 ||   257
       Scimitar          |       |       |    18 ||    18
Throw: Boomerang         |    22 |       |    18 ||    40
       Javelin           |     5 |    46 |     2 ||    53
       Dart              |       |       |     2 ||     2
  Use: Scroll            |     3 |     6 |     1 ||    10
       Potion            |       |     1 |     1 ||     2
Armor: Scale mail        |    30 |       |       ||    30
       Chain mail        |     2 |   132 |    31 ||   165
Dodge: Dodged            |    15 |    42 |    19 ||    76
Block: Kite shield       |    28 |   102 |    36 ||   166
       Rpst.: Long sword |     3 |    10 |     6 ||    19
       Scimitar          |       |       |     1 ||     1
